 Dungeon Crawl Stone Soup version 0.27-a0-341-g40fdf68bc5 (webtiles) character file.

Game seed: 2198654065603319037

11955 Gildeon the Cleaver (level 11, -4/92 HPs)
             Began as a Minotaur Fighter on Feb 14, 2021.
             Was an Initiate of Gozag.
             Slain by an orc warrior
             ... wielding a +0 trident
              (18 damage)
             ... on level 11 of the Dungeon.
             The game lasted 00:28:11 (13455 turns).

Gildeon the Cleaver (Minotaur Fighter)             Turns: 13455, Time: 00:28:12

Health: -4/92      AC: 16    Str: 24    XL:     11   Next: 56%
Magic:  0/10       EV:  8    Int:  5    God:    Gozag
Gold:   2156       SH: 12    Dex: 10    Spells: 10/10 levels left

rFire    + + .     SeeInvis .   a - +2 war axe (vorpal)
rCold    x . .     Faith    .   c - +0 kite shield
rNeg     . . .     Spirit   +   x - +0 plate armour
rPois    .         Reflect  .   (helmet restricted)
rElec    .         Harm     .   s - +0 cloak
rCorr    .         Rampage  .   (no gloves)
Will     .....                  E - +0 pair of boots
Stlth    ..........             h - amulet of guardian spirit
HPRegen  0.25/turn              n - ring of fire
MPRegen  0.12/turn              t - ring of protection from fire

@: gold aura
A: retaliatory headbutt, horns 2
a: Renounce Religion, Potion Petition, Call Merchant, Bribe Branch


You were on level 11 of the Dungeon.
You worshipped Gozag.
Gozag was most pleased with you.
You visited 2 branches of the dungeon, and saw 12 of its levels.

You collected 2182 gold pieces.
You paid 26 gold pieces to Gozag.

Inventory:

Hand Weapons
 a - a +2 vorpal war axe (weapon)
 b - a +4 morningstar
Armour
 c - a +0 kite shield (worn)
 s - a +0 cloak (worn)
 x - a +0 plate armour (worn)
 E - a +0 pair of boots (worn)
Jewellery
 h - an amulet of guardian spirit (around neck)
 n - a ring of fire (left hand)
 t - a ring of protection from fire (right hand)
 D - an amulet of the acrobat {unknown}
Wands
 e - a wand of iceblast (11)
 k - a wand of flame (31)
 z - a wand of digging (2)
 A - a wand of charming (9)
 F - a wand of mindburst (19)
Scrolls
 i - 3 scrolls of blinking
 j - 5 scrolls of teleportation
 o - 3 scrolls of amnesia
 u - 2 scrolls of immolation {unknown}
 y - 2 scrolls of fog {unknown}
 B - 2 scrolls of fear {unknown}
 C - a scroll of enchant armour {unknown}
 G - a scroll of holy word {unknown}
Potions
 d - 3 potions of might
 f - 3 potions of resistance
 g - a potion of berserk rage {unknown}
 l - 5 potions of lignification
 m - 6 potions of ambrosia
 p - a potion of haste {unknown}
 q - 5 potions of curing
 r - 5 potions of brilliance
 v - a potion of mutation {unknown}
 w - 3 potions of heal wounds
 H - 3 potions of flight


   Skills:
 + Level 7.5 Fighting
 * Level 13.1 Axes
 + Level 7.5 Armour
 + Level 7.0 Dodging
 + Level 10.3 Shields
 + Level 6.6 Evocations


You had 10 spell levels left.
You didn't know any spells.
Your spell library contained the following spells:

 Spells                   Type           Power        Failure   Level
 Poisonous Vapours        Pois/Air       0%           100%        2
 Confusing Touch          Hex            0%           100%        3
 Conjure Flame            Conj/Fire      0%           100%        3
 Gell's Gravitas          Tloc           0%           100%        3
 Mephitic Cloud           Conj/Pois/Air  0%           100%        3
 Petrify                  Tmut/Erth      0%           100%        4
 Metabolic Englaciation   Hex/Ice        0%           100%        5
 Yara's Violent Unravell  Hex/Tmut       0%           100%        5
 Freezing Cloud           Conj/Ice/Air   0%           100%        6


Dungeon Overview and Level Annotations

Branches:
Dungeon (11/15)            Temple (1/1) D:6            Lair (0/6) D:9
    Orc: D:9-12

Altars:
Ashenzari
Cheibriados
Dithmenos
Elyvilon
Fedhas
Gozag
Hepliaklqana
Kikubaaqudgha
Makhleb
Nemelex Xobeh
Okawaru
Qazlal
Ru
Sif Muna
Trog
Uskayaw
Vehumet
Wu Jian
Xom
Yredelemnul
Zin
The Shining One

Annotations:
D:10 2 runed translucent doors, iamserjio's ghost, novice GrEE


Innate Abilities, Weirdness & Mutations

You reflexively headbutt those who attack you in melee.
You have a pair of horns on your head.


Message History

The orc knight is moderately wounded.
The orc warrior barely misses you.
The orc knight roars a battlecry!
You slash the orc knight! Your headbutt misses the orc knight.
The orc knight is heavily wounded.
You block the orc warrior's attack.
The orc knight hits you with a +0 great sword!
You hit the orc knight.
The orc knight is severely wounded.
The orc warrior hits you from afar with a +0 trident!
You closely miss the orc knight. Your headbutt misses the orc knight.
The orc knight is severely wounded.
You block the orc knight's attack. You block the orc warrior's attack.
You slash the orc knight! Your headbutt misses the orc knight.
The orc knight is almost dead.
The orc knight hits you with a +0 great sword!
You block the orc warrior's attack.
You hit the orc knight.
You kill the orc knight!
The orc warrior hits you from afar with a +0 trident!!
Your Dodging skill increases to level 7!
You slash the orc warrior! You headbutt the orc warrior!
The orc warrior is almost dead.
The orc warrior barely misses you. You furiously retaliate!
You headbutt the orc warrior.
You kill the orc warrior!
An orc priest and an orc knight come into view.
The orc priest shouts!
The orc shouts!
The orc knight shouts!
You block the orc warrior's attack.
The orc warrior hits you with a +2 halberd of freezing!!
* * * LOW HITPOINT WARNING * * *
The orc warrior freezes you.
* * * LOW HITPOINT WARNING * * *
The orc knight roars a battlecry!
The orcs go into a battle-frenzy!
An orc comes into view. It is wielding a +0 whip.
Items here: $ )) [[.
The orc warrior hits you from afar with a +0 trident!!
You die...
Your body crumbles into a pile of gold. ######............. ooo

#...........^###### .o
######..>....# # o.
#.......# # # 8## #.......#
# ..o oo #.......# #
.#..##o #<......# #
....ooo#####.......# #
#o$@....#####.# # #.#####.#
#.# # #. #.# #.# #.# # #.#
#.# #.# #.# # ###.# #.# #.#
#.# #
...#####.#####.#####.######
#.........................
#..........########.######
#<.........# #.# #


You could see 4 orc warriors.

Vanquished Creatures
  Harold (D:7)
  A two-headed ogre (D:10)
  An unseen horror (D:10)
  An orc knight (D:11)
  A gargoyle (D:10)
  A centaur skeleton (D:11)
  3 trolls
  Grinder (D:6)
  Sigmund (D:6)
  4 yaks (D:9)
  4 steam dragons
  A water moccasin (D:4)
  The ghost of highc0 the Sneak, an amateur DEWz (D:3)
  2 orc warriors
  3 ice beasts
  2 sky beasts
  A black bear (D:8)
  A necrophage (D:8)
  5 ogres
  3 wolves (D:9)
  4 phantoms
  13 centaurs
  14 bullfrogs
  A gnoll sergeant (D:9)
  A wyvern skeleton (D:7)
  6 scorpions
  16 killer bees
  2 howler monkeys
  9 wights (D:9)
  An electric eel (D:9)
  A bullfrog zombie (D:9)
  9 hounds
  A quasit (D:7)
  2 bullfrog skeletons
  4 jellies
  4 orc priests
  Crazy Yiuf (D:3)
  Terence (D:3)
  3 iguanas
  8 orc wizards
  Natasha (thrice) (D:2)
  7 worker ants
  A worker ant zombie (D:5)
  Robin (D:2)
  8 gnolls
  11 adders
  A shadow imp (D:7)
  2 white imps
  7 ufetubi
  An ooze (D:5)
  2 adder zombies
  An adder skeleton (D:5)
  3 worms (D:3)
  4 leopard geckos
  28 orcs
  3 ball pythons
  3 giant cockroaches
  10 goblins
  8 hobgoblins
  4 jackals
  4 quokkas
  8 bats
  5 frilled lizards
  2 kobolds (D:1)
  A leopard gecko skeleton (D:4)
  7 rats
274 creatures vanquished.

Vanquished Creatures (others)
  A deep elf zephyrmancer (D:10)
  A wolf spider simulacrum (D:10)
  A wyvern simulacrum (D:10)
3 creatures vanquished.

Grand Total: 277 creatures vanquished

Notes
Turn   | Place    | Note
-------+----------+-------------------------------------------
     0 | D:1      | Gildeon the Minotaur Fighter began the quest for the Orb.
     0 | D:1      | Reached XP level 1. HP: 19/19 MP: 0/0
   239 | D:1      | Reached XP level 2. HP: 27/27 MP: 1/1
   716 | D:2      | Reached skill level 3 in Axes
   792 | D:2      | Reached skill level 1 in Dodging
   792 | D:2      | Reached XP level 3. HP: 30/33 MP: 0/2
   923 | D:2      | Found a radiant altar of Vehumet.
   926 | D:2      | Found an opulent altar of Gozag.
  1049 | D:2      | Noticed Robin
  1070 | D:2      | Killed Robin
  1270 | D:2      | Noticed Natasha
  1281 | D:2      | Killed Natasha
  1282 | D:2      | Reached XP level 4. HP: 19/40 MP: 1/3
  1523 | D:2      | Noticed Natasha
  1531 | D:2      | Killed Natasha
  1532 | D:2      | Reached skill level 4 in Axes
  1689 | D:2      | Found a radiant altar of Vehumet.
  1693 | D:2      | Found an opulent altar of Gozag.
  1712 | D:2      | Noticed Natasha
  1722 | D:2      | Killed Natasha
  2123 | D:3      | Reached XP level 5. HP: 44/46 MP: 2/4
  2450 | D:3      | Noticed Terence
  2461 | D:3      | Killed Terence
  2526 | D:3      | Found a runed translucent door.
  2528 | D:3      | Noticed highc0's ghost (amateur DEWz)
  2701 | D:3      | Found a runed translucent door.
  2702 | D:3      | Noticed Crazy Yiuf
  2707 | D:3      | Killed Crazy Yiuf
  3077 | D:2      | Became a worshipper of Gozag Ym Sagoz the Greedy
  3165 | D:4      | Reached XP level 6. HP: 39/53 MP: 5/5
  3330 | D:4      | Reached skill level 5 in Axes
  3494 | D:4      | Reached skill level 5 in Shields
  3623 | D:4      | Reached skill level 5 in Armour
  3738 | D:4      | Noticed a water moccasin
  3752 | D:4      | Killed a water moccasin
  3753 | D:4      | Reached skill level 5 in Fighting
  3753 | D:4      | Reached XP level 7. HP: 44/61 MP: 3/6
  4009 | D:5      | Entered Level 5 of the Dungeon
  4149 | D:5      | Reached skill level 6 in Axes
  4149 | D:5      | Reached skill level 1 in Evocations
  4722 | D:5      | Found a basalt altar of Yredelemnul.
  4834 | D:5      | Reached skill level 7 in Axes
  5108 | D:6      | Reached XP level 8. HP: 48/68 MP: 4/7
  5436 | D:6      | Noticed a troll
  5453 | D:6      | Killed a troll
  5542 | D:6      | Noticed Sigmund
  5549 | D:6      | Reached skill level 8 in Axes
  5553 | D:6      | Killed Sigmund
  5690 | D:6      | Reached skill level 5 in Dodging
  5930 | D:6      | Noticed Grinder
  5932 | D:6      | Reached skill level 9 in Axes
  5942 | D:6      | Paralysed by Grinder for 5 turns
  5948 | D:6      | Reached XP level 9. HP: 38/74 MP: 5/8
  5950 | D:6      | Killed Grinder
  6110 | D:6      | Found a staircase to the Ecumenical Temple.
  6127 | Temple   | Entered the Ecumenical Temple
  6904 | D:7      | Noticed Harold
  6917 | D:7      | Killed Harold
  6918 | D:7      | Reached skill level 10 in Axes
  7164 | D:7      | Found a sparkling altar of Nemelex Xobeh.
  7399 | D:7      | Reached skill level 5 in Evocations
  7410 | D:7      | Reached skill level 11 in Axes
  8170 | D:7      | Reached XP level 10. HP: 74/81 MP: 9/9
  8633 | D:8      | Found a snail-covered altar of Cheibriados.
  8633 | D:8      | Noticed a torpor snail
  8753 | D:8      | You fall into a shaft and drop 1 floor!
  9317 | D:8      | Found a sparkling altar of Nemelex Xobeh.
 10218 | D:9      | Reached skill level 12 in Axes
 10571 | D:9      | Found a staircase to the Lair.
 11610 | D:9      | Reached XP level 11. HP: 81/91 MP: 8/10
 11753 | D:10     | Entered Level 10 of the Dungeon
 12089 | D:10     | Noticed a skeletal warrior
 12331 | D:3      | Killed highc0's ghost
 12539 | D:10     | Noticed a two-headed ogre
 12546 | D:10     | Killed a two-headed ogre
 12547 | D:10     | Reached skill level 10 in Shields
 12606 | D:10     | Killed an unseen horror
 12655 | D:10     | Noticed a harpy
 12656 | D:10     | Noticed a four-headed hydra
 12658 | D:10     | Noticed a wizard
 12664 | D:10     | Found a runed translucent door.
 12670 | D:10     | Noticed a deep elf zephyrmancer
 12671 | D:10     | Noticed a lich
 12671 | D:10     | Noticed a sphinx
 12672 | D:10     | Found a runed translucent door.
 12672 | D:10     | Noticed a necromancer
 12675 | D:10     | Noticed iamserjio's ghost (novice GrEE)
 12675 | D:10     | Noticed a skeletal warrior
 12689 | D:10     | Noticed a red ugly thing
 12828 | D:10     | Killed a deep elf zephyrmancer
 13244 | D:11     | Reached skill level 13 in Axes
 13435 | D:11     | Noticed an orc knight
 13452 | D:11     | Killed an orc knight
 13454 | D:11     | Noticed an orc knight
 13455 | D:11     | Slain by an orc warrior

Illustrated notes

Levels and vault maps discovered:
D:1:      scummos_arrival_simple_crosswalls, layout_basic
D:2:      layout_rooms, nicolae_overflow_hidden_temple, uniq_robin, uniq_natasha
D:3:      layout_loops_ring, ebering_ghost_sewer_d, minmay_misc_feat_tiny,
          uniq_terence, uniq_crazy_yiuf_cottage
D:4:      layout_basic
D:5:      layout_cave_pools, kennysheep_mini
D:6:      cheibrodos_steamvent, layout_loops_ring, minmay_temple_entry_junction,
          uniq_sigmund, uniq_grinder
D:7:      layout_basic, basic_altar, uniq_harold
D:8:      layout_basic, cheibriados_altar_2, nemelex_altar_shiori
D:9:      layout_layer_cave, erik_lair_island, eino_jars
D:10:     layout_basic, muffindrake_ghost_dual_entry,
          onia_ninara_dug_in_and_dangerous
D:11:     layout_small_grid, david_orc_5
Temple:   dpeg_five_rooms_temple

Skill      XL: |  1  2  3  4  5  6  7  8  9 10 11 |
---------------+----------------------------------+-----
Axes           | 3 4 5 7 9 11 12 13 | 13.1
Dodging        | 1 2 3 5 6 7 |  7.0
Shields        | 4 5 6 7 8 9 10 | 10.3
Armour         | 4 5 6 7 |  7.5
Fighting       | 4 5 6 7 |  7.5
Evocations     | 2 3 5 6 |  6.6

Action                   |  1- 3 |  4- 6 |  7- 9 | 10-12 || total
-------------------------+-------+-------+-------+-------++-------
Melee: War axe           |    88 |   128 |   294 |   394 ||   904
       Headbutt          |    10 |    18 |    60 |    63 ||   151
Evoke: Wand              |       |       |       |     1 ||     1
  Use: Scroll            |       |     4 |     1 |     5 ||    10
       Potion            |       |     1 |     2 |     1 ||     4
 Stab: Distracted        |       |       |       |     4 ||     4
Armor: Scale mail        |    31 |       |       |       ||    31
       Chain mail        |    32 |    69 |     9 |       ||   110
       Plate armour      |       |       |   160 |   183 ||   343
Dodge: Dodged            |    28 |    34 |    68 |   110 ||   240
Block: Kite shield       |    74 |    58 |   140 |   297 ||   569

Table legend: (Time is in decaauts)
 A = Elapsed time spent in this place.
 B = Non-inter-level travel time spent in this place.
 C = Inter-level travel time spent in this place.
 D = Time resting spent in this place.
 E = Time spent auto-exploring this place.
 F = Levels seen in this place.
 G = Mean time per level.
                   A        B        C        D        E       F      G
               +--------+--------+--------+--------+--------+-----+--------+
         Total |  13662 |  13033 |    629 |      0 |  10493 |  12 | 1138.5 |
       Dungeon |  13369 |  12771 |    598 |      0 |  10232 |  11 | 1215.4 |
        Temple |    292 |    261 |     31 |      0 |    261 |   1 |  292.0 |
               +--------+--------+--------+--------+--------+-----+--------+

Top non-repeatable levels by time:
     D:9: 2265 daAuts
     D:7: 1544 daAuts
     D:6: 1501 daAuts
     D:2: 1462 daAuts
     D:8: 1308 daAuts
     D:3: 1110 daAuts
     D:5: 1089 daAuts
    D:10: 1038 daAuts
     D:4: 941 daAuts
     D:1: 723 daAuts
    D:11: 383 daAuts
  Temple: 292 daAuts
